 Dungeon Crawl Stone Soup version 0.22-a0-422-g9628fc8 (webtiles) character file.

432 galech the Firebug (level 7, 0/52 HPs)
             Began as a Gnoll Wanderer on May 17, 2018.
             Slain by Edmund
             ... wielding a +6 flail of crushing
              (7 damage)
             ... on level 4 of the Dungeon.
             The game lasted 00:07:49 (3363 turns).

galech the Firebug (Gnoll Wanderer)                 Turns: 3363, Time: 00:07:49

Health: 0/52       AC:  6    Str: 16    XL:     7   Next: 0%
Magic:  7/12       EV: 11    Int: 12    God:
Gold:   171        SH:  0    Dex: 17    Spells: 11/13 levels left

rFire    . . .     SeeInvis .   a - +2 spear
rCold    + . .     Gourm    .   (no shield)
rNeg     . . .     Faith    .   l - +0 ring mail
rPois    .         Spirit   .   (no helmet)
rElec    .         Reflect  .   (no cloak)
rCorr    .         Harm     .   (no gloves)
MR       +....                  (no boots)
Stlth    ++........             (no amulet)
HPRegen  0.17/turn              e - ring of protection from cold
MPRegen  0.13/turn              n - ring of protection from magic

@: no status effects
A: distributed training, fangs 1, strong nose
a: no special abilities


You were on level 4 of the Dungeon.
You were not hungry.

You visited 1 branch of the dungeon, and saw 4 of its levels.

You collected 171 gold pieces.

Inventory:

Hand Weapons
 a - a +2 spear (weapon)
Armour
 d - a +0 robe
 h - a +0 leather armour
 l - a +0 ring mail (worn)
Jewellery
 e - a ring of protection from cold (left hand)
 n - a ring of protection from magic (right hand)
 x - an uncursed ring of protection from magic
Wands
 m - a wand of flame (8)
Scrolls
 b - a scroll of identify
 c - a scroll of teleportation {unknown}
 i - 2 scrolls of enchant weapon {unknown}
 j - 2 scrolls of immolation {unknown}
 o - a scroll of remove curse
 p - a scroll of fear
 q - a scroll of enchant armour
 w - a scroll of fog {unknown}
Potions
 g - a potion of flight {unknown}
 k - a potion of ambrosia {unknown}
 r - a potion of heal wounds {unknown}
 s - a potion of lignification {unknown}
 t - a potion of curing
 v - a potion of mutation {unknown}
Comestibles
 f - 7 rations
 u - 3 chunks of flesh


   Skills:
 + Level 3.4 Fighting
 + Level 2.1 Short Blades
 + Level 2.1 Long Blades
 + Level 2.1 Axes
 + Level 2.1 Maces & Flails
 + Level 2.1 Polearms
 + Level 2.1 Staves
 + Level 2.1 Slings
 + Level 2.1 Bows
 + Level 2.1 Crossbows
 + Level 3.4 Throwing
 + Level 5.1 Armour
 + Level 2.1 Dodging
 + Level 2.1 Stealth
 + Level 2.1 Shields
 + Level 2.1 Unarmed Combat
 + Level 3.5 Spellcasting
 + Level 1.7 Conjurations
 + Level 1.7 Hexes
 + Level 1.7 Charms
 + Level 1.7 Summonings
 + Level 1.7 Necromancy
 + Level 1.7 Translocations
 + Level 1.7 Transmutations
 + Level 7.3 Fire Magic
 + Level 1.7 Ice Magic
 + Level 1.7 Air Magic
 + Level 1.7 Earth Magic
 + Level 1.7 Poison Magic
 + Level 2.4 Invocations
 + Level 3.4 Evocations


You had 11 spell levels left.
You knew the following spells:

 Your Spells              Type           Power        Failure   Level  Hunger
a - Flame Tongue          Conj/Fire      ##...        6%          1    #......
b - Sting                 Conj/Pois      #...         21%         1    #......

Your spell library contained the following spells:

 Spells                   Type           Power        Failure   Level  Hunger
 Spider Form              Tmut/Pois      #.........   52%         3    ###....
 Inner Flame              Hex/Fire       ##......     19%         3    ###....


Dungeon Overview and Level Annotations

Branches:
Dungeon (4/15)
 Temple: D:4-7

Altars:

Shops:
D:4 =

Annotations:
D:4 Edmund


Innate Abilities, Weirdness & Mutations

Your experience applies equally to all skills.
You have very sharp teeth.
Your uncanny sense of smell can sniff out nearby items.


Message History

Edmund is heavily wounded.
Edmund hits you with a flail of crushing.
* * * LOW HITPOINT WARNING * * *
x2 You closely miss Edmund.
Edmund is heavily wounded.
Edmund closely misses you.
You hit Edmund.
Edmund is heavily wounded.
You barely miss Edmund.
Edmund is heavily wounded.
Edmund hits you with a flail of crushing.
* * * LOW HITPOINT WARNING * * *
x2 You hit Edmund.
You bite Edmund, but do no damage.
Edmund is severely wounded.
Edmund hits you with a flail of crushing.
* * * LOW HITPOINT WARNING * * *
x2 You hit Edmund but do no damage.
Edmund is severely wounded.
Edmund hits you with a flail of crushing!
You die...

≈≈≈≈≈≈≈≈≈≈≈≈. ≈≈≈≈≈≈≈≈≈≈≈@.
≈≈≈≈≈≈≈≈≈K≈h. .≈≈.≈≈.≈.K.hh
......... . .....
#..####.######################
......(..((....@@..).....[....
###.##################..#####
# ##.# #.## ########..#
#.........# #.........#
#.........# #.........##


You could see Edmund.

Vanquished Creatures
  An ogre (D:3)
  The ghost of Kairos the Shield-Bearer, an amateur VSFi (D:3)
  A hound (D:4)
  2 orc wizards (D:2)
  Natasha (thrice) (D:2)
  2 adders
  An ooze (D:3)
  A worm (D:3)
  3 dart slugs
  2 leopard geckos
  7 orcs
  A ball python (D:2)
  7 giant cockroaches
  6 goblins
  8 hobgoblins
  9 jackals
  2 quokkas
  5 bats
  2 frilled lizards
  13 kobolds
  5 rats
82 creatures vanquished.

Notes
Turn   | Place    | Note
-------+----------+-------------------------------------------
     0 | D:1      | galech the Gnoll Wanderer began the quest for the Orb.
     0 | D:1      | galech set off with: a +2 spear, a +0 robe, a ration
     0 | D:1      | Reached XP level 1. HP: 17/17 MP: 4/4
     2 | D:1      | Learned a level 1 spell: Flame Tongue
    56 | D:1      | Reached XP level 2. HP: 20/23 MP: 5/5
   295 | D:1      | Reached XP level 3. HP: 6/28 MP: 7/7
   920 | D:2      | Noticed Natasha
   929 | D:2      | Killed Natasha
   929 | D:2      | Reached skill level 1 in Short Blades
   929 | D:2      | Reached skill level 1 in Long Blades
   929 | D:2      | Reached skill level 1 in Axes
   929 | D:2      | Reached skill level 1 in Maces & Flails
   929 | D:2      | Reached skill level 1 in Polearms
   929 | D:2      | Reached skill level 1 in Staves
   929 | D:2      | Reached skill level 1 in Slings
   929 | D:2      | Reached skill level 1 in Bows
   929 | D:2      | Reached skill level 1 in Crossbows
   929 | D:2      | Reached skill level 1 in Dodging
   929 | D:2      | Reached skill level 1 in Stealth
   929 | D:2      | Reached skill level 1 in Shields
   929 | D:2      | Reached skill level 1 in Unarmed Combat
   929 | D:2      | Reached skill level 1 in Invocations
   929 | D:2      | Reached XP level 4. HP: 10/34 MP: 5/8
  1207 | D:2      | Reached skill level 1 in Conjurations
  1207 | D:2      | Reached skill level 1 in Hexes
  1207 | D:2      | Reached skill level 1 in Charms
  1207 | D:2      | Reached skill level 1 in Summonings
  1207 | D:2      | Reached skill level 1 in Necromancy
  1207 | D:2      | Reached skill level 1 in Translocations
  1207 | D:2      | Reached skill level 1 in Transmutations
  1207 | D:2      | Reached skill level 1 in Ice Magic
  1207 | D:2      | Reached skill level 1 in Air Magic
  1207 | D:2      | Reached skill level 1 in Earth Magic
  1207 | D:2      | Reached skill level 1 in Poison Magic
  1207 | D:2      | Reached XP level 5. HP: 9/40 MP: 1/9
  1503 | D:2      | Learned a level 1 spell: Sting
  1530 | D:2      | Noticed Natasha
  1547 | D:2      | Killed Natasha
  1600 | D:2      | Noticed Natasha
  1605 | D:2      | Killed Natasha
  2386 | D:3      | Noticed Kairos's ghost (amateur VSFi)
  2392 | D:3      | Killed Kairos's ghost
  2392 | D:3      | Reached XP level 6. HP: 44/47 MP: 6/11
  3091 | D:3      | Reached skill level 5 in Armour
  3261 | D:4      | Found Kesch's Jewellery Shoppe.
  3315 | D:4      | Noticed Edmund
  3333 | D:4      | Reached XP level 7. HP: 45/52 MP: 12/12
  3363 | D:4      | Slain by Edmund

Vault maps used:
D:1:      dpeg_arrival_rooms_c
D:2:      first_ration, uniq_natasha
D:3:      grunt_ministairs_14
D:4:      minmay_goblin_kobold_castle, marbit_many_paths, serial_shops, shop,
          gup_ossuary_entry_pyramid, uniq_edmund, uniq_ijyb, uniq_blork_the_orc

Skill      XL: |  1  2  3  4  5  6 |
---------------+-------------------+-----
Short Blades   | 1 2 |  2.1
Long Blades    | 1 2 |  2.1
Axes           | 1 2 |  2.1
Maces & Flails | 1 2 |  2.1
Polearms       | 1 2 |  2.1
Staves         | 1 2 |  2.1
Slings         | 1 2 |  2.1
Bows           | 1 2 |  2.1
Crossbows      | 1 2 |  2.1
Dodging        | 1 2 |  2.1
Stealth        | 1 2 |  2.1
Shields        | 1 2 |  2.1
Unarmed Combat | 1 2 |  2.1
Invocations    | 1 2 |  2.4
Spellcasting   | 3 |  3.5
Conjurations   | 1 |  1.7
Hexes          | 1 |  1.7
Charms         | 1 |  1.7
Summonings     | 1 |  1.7
Necromancy     | 1 |  1.7
Translocations | 1 |  1.7
Transmutations | 1 |  1.7
Ice Magic      | 1 |  1.7
Air Magic      | 1 |  1.7
Earth Magic    | 1 |  1.7
Poison Magic   | 1 |  1.7
Fighting       | 3 |  3.4
Throwing       | 3 |  3.4
Evocations     | 3 |  3.4
Armour         | 5 |  5.1
Fire Magic     | |  7.3

Action                   |  1- 3 |  4- 6 |  7- 9 || total
-------------------------+-------+-------+-------++-------
Melee: Spear             |    86 |   152 |    16 ||   254
       Bite              |     7 |    14 |     2 ||    23
       Punch             |     1 |     1 |       ||     2
 Cast: Flame Tongue      |     2 |    25 |     4 ||    31
       Sting             |       |     2 |     4 ||     6
  Use: Potion            |       |     1 |       ||     1
       Scroll            |       |     3 |       ||     3
 Stab: Sleeping          |     1 |     1 |       ||     2
       Distracted        |       |     1 |       ||     1
  Eat: Chunk             |       |     8 |       ||     8
Armor: Robe              |    13 |     3 |       ||    16
       Leather armour    |       |    14 |       ||    14
       Ring mail         |       |    28 |     3 ||    31
Dodge: Dodged            |    36 |    70 |     8 ||   114

Table legend:
 A = Spawn XP
 B = Non-spawn XP
 C = Spawn XP percentage of total XP
 D = Spawn monster count
 E = Non-spawn monster count
 F = Spawn count percentage of total count
 G = Total turns spent on level
                    A         B        C        D         E        F      G
               +---------+---------+-------+---------+---------+-------+---------
         Total |       0 |     618 |   0.0 |       0 |      82 |   0.0 |  3363
               +---------+---------+-------+---------+---------+-------+---------
           D:1 |       0 |      48 |   0.0 |       0 |      27 |   0.0 |   864
           D:2 |       0 |     234 |   0.0 |       0 |      23 |   0.0 |  1367
           D:3 |       0 |     276 |   0.0 |       0 |      23 |   0.0 |   933
           D:4 |       0 |      60 |   0.0 |       0 |       9 |   0.0 |   199
               +---------+---------+-------+---------+---------+-------+---------
